 Dungeon Crawl Stone Soup version 0.21.1-1-g345015f (webtiles) character file.

603072 rlgrobin the Acrobat (level 27, -4/322 HPs)
             Began as a Gnoll Skald on Apr 1, 2018.
             Was the Champion of Ashenzari.
             Slain by a death ooze (20 damage)
             ... on level 5 of the Pits of Slime on Apr 5, 2018.
             The game lasted 10:18:56 (62510 turns).

rlgrobin the Acrobat (Gnoll Skald)                 Turns: 62510, Time: 10:19:10

Health: -4/322     AC: 13    Str: 23    XL:     27
Magic:  7/49       EV:  2    Int: 27    God:    Ashenzari [******]
Gold:   1474       SH: 23    Dex: 21    Spells: 15/61 levels left

rFire    + . .     SeeInvis +   x - +9 demon trident (pain) (curse)
rCold    + + .     Gourm    .   S - +2 shield of Resistance {rF+ rC+ MR+} (curse)
rNeg     + + +     Faith    .   (armour currently unavailable)
rPois    +         Spirit   .   (helmet currently unavailable)
rElec    .         Reflect  +   (cloak currently unavailable)
rCorr    .         Harm     .   (gloves currently unavailable)
MR       +++..     Clarity  +   (boots currently unavailable) Stlth ++++++++..NoTele +
                                G - amulet "Cuucwaow" {Reflect Dex+2 SH+3} (curse)
HPRegen  0.00/turn              z - ring of Satyriasis {Str+2 Int+5 Dex+2} (curse)
MPRegen  0.31/turn              R - ring of Sodooliph {rC+ Int+3 Stlth+} (curse)

@: tree-form, corroded, non-regenerating, diseased, hasted, studying 2 skills,
deflect missiles, very quick
A: distributed training, high mp 1, strong nose
}: 4/15 runes: decaying, silver, abyssal, gossamer
a: Curse Item, Scrying, Renounce Religion


You were on level 5 of the Pits of Slime.
You worshipped Ashenzari.
Ashenzari was exalted by your worship.
You were near starving.
You were a tree.
You visited 10 branches of the dungeon, and saw 50 of its levels.
You visited the Abyss 2 times.
You visited 1 bazaar.
You also visited: Labyrinth, Ice Cave and Desolation.

You collected 7179 gold pieces.
You spent 5705 gold pieces at shops.


Innate Abilities, Weirdness & Mutations

Your experience applies equally to all skills.
((You have very sharp teeth.))
Your uncanny sense of smell can sniff out nearby items.
((You have sharp toenails.))
You have an increased reservoir of magic. (+10% MP)


   Skills:
 + Level 17.6 Fighting
 + Level 17.2 Short Blades
 + Level 17.2 Long Blades
 + Level 17.2 Axes
 + Level 17.2 Maces & Flails
 + Level 17.6(21.3) Polearms
 + Level 17.2 Staves
 + Level 17.2 Slings
 + Level 17.2 Bows
 + Level 17.2 Crossbows
 + Level 17.2 Throwing
 + Level 17.3(21.1) Armour
 + Level 22.6(25.9) Dodging
 + Level 17.2 Stealth
 + Level 20.4(22.6) Shields
 + Level 17.2 Unarmed Combat
 + Level 17.7 Spellcasting
 + Level 14.8(18.8) Conjurations
 + Level 14.8(18.8) Hexes
 + Level 15.5(19.5) Charms
 + Level 14.8(18.8) Summonings
 + Level 14.8(18.8) Necromancy
 + Level 14.8(18.8) Translocations
 + Level 14.8(18.8) Transmutations
 + Level 14.8(18.8) Fire Magic
 + Level 14.8(18.8) Ice Magic
 + Level 14.8(18.8) Air Magic
 + Level 14.8(18.8) Earth Magic
 + Level 14.8(18.8) Poison Magic
 + Level 18.5 Invocations
 + Level 17.2(21.0) Evocations


You had 15 spell levels left.
You knew the following spells:

 Your Spells              Type           Power        Failure   Level  Hunger
c - Spectral Weapon       Hex/Chrm       #######.     0%          3    None
d - Deflect Missiles      Chrm/Air       #######...   1%          6    ###....
e - Apportation           Tloc           ######       0%          1    None
g - Regeneration          Chrm/Necr      #######...   0%          3    None
i - Poison Arrow          Conj/Pois      #######...   1%          6    ###....
o - Iron Shot             Conj/Erth      #######...   1%          6    ###....
u - Borgnjor's Vile Clut  Necr/Erth      #######...   1%          5    None
x - Lightning Bolt        Conj/Air       #######...   1%          5    None
z - Tukima's Dance        Hex            #######.     0%          3    None
D - Darkness              Hex            #######...   1%          6    ###....
Z - Sticks to Snakes      Tmut           #######.     0%          2    None

Inventory:

Hand Weapons
 x - a cursed +9 demon trident of pain (weapon)
Missiles
 k - 1692 arrows
 v - 2 throwing nets (quivered) {=f}
Armour
 c - the cursed +2 helmet of the Neverending Wishes (melded) {rElec Str+3}

   It affects your strength (+3).
   It insulates you from electricity.
   It has a curse placed upon it.
 e - a cursed +2 pair of boots of running (melded)
 y - the cursed +5 ring mail "Neap" (melded) {rCorr Str+2}

   It affects your strength (+2).
   It protects you from acid and corrosion.
   It has a curse placed upon it.
 P - the cursed +5 pair of gloves of Wueklysi (melded) {rN+ rCorr Str-5}

   It affects your strength (-5).
   It protects you from negative energy.
   It protects you from acid and corrosion.
   It has a curse placed upon it.
 S - the cursed +2 shield of Resistance (worn) {rF+ rC+ MR+}

   It protects you from fire.
   It protects you from cold.
   It affects your resistance to hostile enchantments.
   It has a curse placed upon it.
 U - a cursed +2 cloak of poison resistance (melded)
Jewellery
 z - the cursed ring of Satyriasis (left branch) {Str+2 Int+5 Dex+2}

   [ring of strength]

   It affects your strength (+2).
   It affects your intelligence (+5).
   It affects your dexterity (+2).
   It has a curse placed upon it.
 G - the cursed amulet "Cuucwaow" (around neck) {Reflect Dex+2 SH+3}

   [amulet of reflection]

   It shields you and reflects attacks.
   It affects your dexterity (+2).
   It affects your SH (+3).
   It has a curse placed upon it.
 R - the cursed ring of Sodooliph (right branch) {rC+ Int+3 Stlth+}

   [ring of stealth]

   It affects your intelligence (+3).
   It protects you from cold.
   It makes you more stealthy.
   It has a curse placed upon it.
Wands
 A - a wand of disintegration (19)
 V - a wand of acid (40)
 X - a wand of scattershot (14)
 Y - a wand of digging (22)
 Z - a wand of iceblast (22)
Scrolls
 b - 4 scrolls of summoning
 f - 7 scrolls of immolation {!r}
 i - 7 scrolls of fear
 q - 25 scrolls of teleportation {@r4}
 u - 7 scrolls of fog
 w - 9 scrolls of blinking
Potions
 g - a potion of lignification {!q}
 l - 8 potions of haste {@q3}
 m - 3 potions of berserk rage {!q}
 n - 3 potions of magic
 o - 24 potions of curing {@q1}
 B - 12 potions of heal wounds {@q2}
Books
 a - a manual of Shields {!d}
 L - a manual of Dodging {!d}
Miscellaneous
 T - a phantom mirror
Comestibles
 d - 76 rations

Dungeon Overview and Level Annotations

Branches:
Dungeon (15/15)            Temple (1/1) D:5            Lair (6/6) D:11
  Swamp (4/4) Lair:4       Spider (4/4) Lair:2        Slime (5/5) Lair:6
    Orc (2/2) D:10            Elf (3/3) Orc:2        Vaults (5/5) D:13
  Crypt (0/3) Vaults:2     Depths (5/5) D:15            Zot (0/5) Depths:5

Altars:
Ashenzari
Cheibriados
Dithmenos
Elyvilon
Fedhas
Gozag
Hepliaklqana
Kikubaaqudgha
Makhleb
Nemelex Xobeh
Okawaru
Qazlal
Ru
Sif Muna
Trog
Uskayaw
Vehumet
Wu Jian
Xom
Yredelemnul
Zin
The Shining One
Jiyva

Shops:
D:4 ?   D:6 ?   D:7 *   D:9 :   D:13 }   Orc:2 [((}(   Elf:2 ==(   Elf:3 *[}
Vaults:1 (   Vaults:2 ((*:?   Vaults:3 :   Vaults:4 !   Vaults:5 %%%!?%?!

Portals:
Hell: Depths:1 Depths:2 Depths:3 Depths:4 Depths:5
Abyss: Depths:3 Depths:4
Pandemonium: Depths:1 Depths:2 Depths:3
Ziggurat: Depths:1

Annotations:
D:10 Totori's ghost, journeyman DrFE
Spider:2 Nikola
Spider:4 exclusion: spark wasp
Abyss:1 Snorg

░, ░,,,
.............▒▒∆░▒..▒░∆ ░ ░
,
...............▒▒▒▒.▒▒▒▒▒.
░, ,
..........................
,
,..........................
░ ,
........#.#...............
.....#######..............
░░
.....####J###.............
▒.J###JJJ##.............
▒.▒.#JJ♣##..............
░░▒.##JJ##..............
▒.#JJ##...............
▒▒.J##................
▒▒..................
▒.................,
▒▒..............., ,
▒▒▒....▒▒...... ,,, ▒▒▒▒▒▒
▒▒..▒ , ,


You could see 2 acid blobs, 4 azure jellies and 6 death oozes.


Message History

You feel much better!
You are engulfed in blazing flames!
You resist! * * * don't die
* * * The acid blob is engulfed in blazing flames!
You block the acid blob's attack!
The acid blob is engulfed in blazing flames!
The acid blob hits you!!!!!! * * * don't die
* * * You are splashed with acid!!!
The acid burns!!! * * * don't die
* * * The death ooze is engulfed in blazing flames!
You block the death ooze's attack!
The death ooze hits you!!!!!! * * * don't die
* * * The death ooze is engulfed in blazing flames!
The azure jelly is engulfed in blazing flames!
The azure jelly hits you! * * * don't die
* * * The azure jelly freezes you!!!
You resist! * * * don't die
* * * The azure jelly hits you! * * * don't die
* * * The azure jelly freezes you!!!
You resist! * * * don't die
* * * You block the azure jelly's attack!
The azure jelly hits you but does no damage!
The death ooze is engulfed in blazing flames!
You block the death ooze's attack!
The death ooze hits you! * * * don't die
* * * The death ooze is engulfed in blazing flames!
The death ooze hits you!!!!!! rip

Action                   |  1- 3 |  4- 6 |  7- 9 | 10-12 | 13-15 | 16-18 | 19-21 | 22-24 | 25-27 || total
-------------------------+-------+-------+-------+-------+-------+-------+-------+-------+-------++-------
Melee: Spear             |    54 |    21 |   389 |    54 |       |       |       |       |       ||   518
       Bite              |     6 |     7 |    44 |    45 |    64 |   136 |   108 |   162 |   101 ||   673
       Short sword       |     9 |    99 |    48 |       |       |       |       |       |       ||   156
       Punch             |       |       |     1 |       |       |       |       |       |       ||     1
       Dagger            |       |       |    33 |       |       |       |       |       |       ||    33
       Trident           |       |       |       |   581 |   999 |  1362 |   294 |       |       ||  3236
       Demon trident     |       |       |       |       |       |       |   777 |  1215 |   750 ||  2742
 Fire: Hunting sling     |       |     3 |     2 |       |       |       |       |       |       ||     5
Throw: Stone             |       |       |     8 |    58 |    62 |    39 |     6 |     4 |     2 ||   179
       Throwing net      |       |       |       |     3 |       |     1 |       |       |       ||     4
       Javelin           |       |       |       |       |    18 |     5 |       |       |       ||    23
 Cast: Infusion          |     6 |     7 |    20 |    36 |    22 |       |       |       |       ||    91
       Spectral Weapon   |       |     7 |    28 |    66 |    97 |   117 |    83 |    71 |    33 ||   502
       Song of Slaying   |       |       |     4 |     9 |     4 |       |     1 |       |       ||    18
       Shroud of Golubri |       |       |     8 |    19 |    19 |    10 |     8 |     1 |       ||    65
       Regeneration      |       |       |     1 |     2 |     2 |     6 |    22 |     8 |     7 ||    48
       Summon Ice Beast  |       |       |       |     2 |    32 |    47 |     5 |     1 |     2 ||    89
       Throw Icicle      |       |       |       |       |   127 |   178 |    88 |    56 |     4 ||   453
       Ozocubu's Armour  |       |       |       |       |    29 |    29 |     7 |       |       ||    65
       Sticks to Snakes  |       |       |       |       |    16 |    57 |    23 |    13 |     9 ||   118
       Tukima's Dance    |       |       |       |       |       |     5 |    31 |    49 |    16 ||   101
       Darkness          |       |       |       |       |       |       |    11 |     1 |     1 ||    13
       Borgnjor's Vile C |       |       |       |       |       |       |    21 |    54 |    37 ||   112
       Lightning Bolt    |       |       |       |       |       |       |    17 |    25 |    16 ||    58
       Deflect Missiles  |       |       |       |       |       |       |     3 |     1 |     4 ||     8
       Poison Arrow      |       |       |       |       |       |       |       |     8 |    48 ||    56
       Iron Shot         |       |       |       |       |       |       |       |       |     6 ||     6
Invok: Curse Item        |       |       |     3 |       |     3 |     2 |     6 |       |     2 ||    16
       Scrying           |       |       |       |       |     1 |     4 |     5 |       |     1 ||    11
Evoke: Wand              |       |     2 |     4 |    16 |    73 |    55 |    31 |     7 |     6 ||   194
       Box of beasts     |       |       |       |       |       |       |       |     1 |       ||     1
  Use: Scroll            |     5 |    11 |     9 |     4 |    18 |    11 |    11 |    10 |    18 ||    97
       Potion            |       |       |       |       |     3 |     4 |     3 |     2 |    11 ||    23
 Stab: Sleeping          |     2 |     2 |     8 |    20 |    20 |    16 |    27 |    28 |    16 ||   139
       Distracted        |       |       |     4 |     2 |    19 |    32 |    28 |    36 |    20 ||   141
       Paralysed         |       |       |     3 |       |     2 |     2 |       |       |       ||     7
       Held in net/web   |       |       |       |     1 |       |     2 |       |       |       ||     3
       Confused          |       |       |       |       |       |     1 |       |       |       ||     1
  Eat: Chunk             |       |     7 |    12 |    18 |    43 |    19 |    24 |    24 |    22 ||   169
       Ration            |       |       |     1 |     3 |     1 |     6 |     3 |     1 |       ||    15
Armor: Leather armour    |     4 |    17 |    79 |    86 |    49 |   168 |    20 |       |       ||   423
       Ring mail         |       |       |       |       |       |       |    84 |    78 |    41 ||   203
       Skin              |       |       |       |       |       |       |       |       |     6 ||     6
Dodge: Dodged            |    19 |    57 |   196 |   247 |   215 |   486 |   288 |   323 |   174 ||  2005
       Deflected         |       |       |       |       |       |       |    15 |    37 |    24 ||    76
Block: Buckler           |       |     1 |    68 |   117 |   141 |       |       |       |       ||   327
       Reflection        |       |       |       |     2 |    46 |    11 |    96 |    65 |    70 ||   290
       Shield            |       |       |       |       |    73 |   580 |   492 |   577 |   303 ||  2025

Vault maps used:
D:1:      dpeg_chamrin_arrival_tetris
D:2:      uniq_jessica
D:4:      first_ration, serial_shops, shop, uniq_grinder
D:5:      gammafunk_temple_overflow_statue, lemuel_coloured_pillars_altar,
          minmay_temple_entry_glass
D:6:      lemuel_crystal_altar, serial_shops, kennysheep_mini_moat,
          minivault_25, kennysheep_minor_cross, minmay_misc_feat_tower
D:7:      serial_shops, shop, nicolae_ru_great_annihilating_truth, uniq_menkaure
D:8:      lemuel_crystal_altar, nemelex_spade_bored_becter
D:9:      nicolae_gozag_seed_capital, serial_shops, shop
D:10:     orc_0_dummy, uniq_erolcha
D:11:     lair_entry_dummy, hangedman_fish_farm
D:12:     minmay_wizard_corner, uniq_maurice
D:13:     lightli_vaults_fourway_checkpoint, serial_shops, nicolae_shop_trees
D:14:     minmay_staircase_windowed_small, st_stairs_14
D:15:     gammafunk_enter_depths_forms, minmay_door_square
Temple:   regret_index_temple_sphere_string
Lair:1:   serial_bayou_pond_c, grunt_forest_small_clearings, uniq_nergalle
Lair:2:   dummy_spider_entry
Lair:3:   uniq_snorg
Lair:4:   minmay_swamp_entry_worms, serial_bayou_shore_a
Lair:5:   portal_ice_cave_demonic_guard, minivault_26
Lair:6:   minmay_lair_end_frog_pond, minmay_slime_entry_oklob_enclosed,
          lab_entry_generic, infiniplex_staircase_pool,
          minmay_lair_oklob_chamber
Swamp:1:  cheibrodos_swamp_tower_of_moss, serial_swamp_ruin,
          evilmike_swamp_ruin_house_6, evilmike_swamp_ruin_house_4, uniq_donald,
          uniq_louise, uniq_frances
Swamp:2:  hangedman_swamp_ruin_wall, uniq_jorgrun
Swamp:3:  evilmike_swamp_ruin_rubble_2
Swamp:4:  swamp_basic_johnstein
Spider:1: nicolae_spider_corner
Spider:2: spiders_nest_scorpion_pit, uniq_nikola
Spider:4: grunt_spider_rune_parallel, nicolae_spider_cling_ruins
Slime:1:  cheibrodos_slime_lost_civilization_7
Slime:2:  basic_altar
Orc:2:    st_orc_pillars, serial_shops, shop_fountains, uniq_sonja, uniq_nessos
Elf:1:    minmay_elf_arrival_circle, minmay_elf_crystal_hexagon
Elf:2:    portal_desolation_entry_ruin, serial_shops, shop_statue, shop, shop,
          evilmike_minifort
Elf:3:    minmay_elf_hall_furrowed, serial_shops, bzr_entry_lakeside, shop,
          shop, shop
Vaults:1: vaults_room_grunt_arrival_ludios, grunt_vaults_hallway_long,
          v_rooms_4, ontoclasm_vaults_ring_square, hangedman_vaults_impose,
          grunt_vaults_swirl, ontoclasm_vaults_gateway, v_misc_13, v_misc_32,
          nicolae_vaults_network_s, v_misc_30, v_misc_24,
          nicolae_vaults_little_squares_4, vaults_dpeg_encased_lava,
          serial_shops, shop_fountains, uniq_aizul
Vaults:2: ontoclasm_vaults_shuriken, minmay_crypt_entry_skeletal_spiral,
          ontoclasm_vaults_eye, v_pattern_1, nicolae_vaults_little_ls,
          ontoclasm_vaults_chip, ontoclasm_vaults_idyll,
          nicolae_vaults_little_squares_3, v_misc_9,
          ontoclasm_vaults_decontamination, hangedman_vaults_nodes,
          serial_shops, shop, shop, shop, shop_fountains,
          nicolae_shop_statue_plus
Vaults:3: hangedman_vaults_pinch, v_misc_29, nicolae_vaults_hallways_thing,
          nicolae_vaults_display_case, nicolae_vaults_little_squares_6,
          vaults_room_large_hall, ontoclasm_vaults_loading_screen,
          hangedman_vaults_restitches, nicolae_vaults_little_squares_2,
          hangedman_vaults_restitches, vaults_room_fours,
          hangedman_vaults_cutoff, vaults_room_hallway, serial_shops, shop
Vaults:4: vaults_dpeg_hooks, v_misc_9, ontoclasm_vaults_hangar, v_rooms_2,
          hangedman_vaults_stagger, serial_ice_m, hangedman_vaults_restitches,
          nicolae_vaults_yaktaur_gun_rack, v_alt_pattern_4,
          ontoclasm_vaults_chip, serial_shops, shop_fountains
Depths:1: enter_ziggurat_d, solitary_fountain, hell_entry, pan_entry,
          pandoras_box_mu, firewood_loft, uniq_asterion
Depths:2: grunt_profane_halls, pan_entry, hell_entry
Depths:3: hangedman_box_tower, abyss_entry, serial_bayou_ford_a, pan_entry,
          hell_entry, grunt_ministairs_1, infiniplex_staircase_pillars_1
Depths:4: wad_pebble_path, abyss_entry, grunt_mini_vestibule,
          serial_bayou_shore_b, hangedman_decor_cross_pass
Depths:5: grunt_zot_entry_pinwheel, hangedman_geh_valley
Abyss:2:  evilmike_abyss_exit_plants, bh_silent_lugonu_exit,
          evilmike_abyss_exit_14
Abyss:3:  evilmike_abyss_rune_tso_outpost
Lab:      labyrinth_green, lab_block, labyrinth_fake_exit,
          nicolae_lab_flowing_pool
Bazaar:   bazaar_minmay_snake
IceCv:    ice_cave_statue_garden_teleport

Notes
Turn   | Place    | Note
-------+----------+-------------------------------------------
     0 | D:1      | rlgrobin the Gnoll Skald began the quest for the Orb.
     0 | D:1      | Reached XP level 1. HP: 20/20 MP: 6/6
   168 | D:1      | Reached XP level 2. HP: 26/26 MP: 1/7
   285 | D:1      | Learned a level 2 spell: Song of Slaying
   576 | D:2      | Noticed Jessica
   579 | D:2      | Killed Jessica
   579 | D:2      | Reached skill level 5 in Spellcasting
   579 | D:2      | Reached skill level 1 in Invocations
   579 | D:2      | Reached XP level 3. HP: 30/31 MP: 5/9
   679 | D:2      | Learned a level 3 spell: Spectral Weapon
   712 | D:2      | Reached skill level 1 in Short Blades
   712 | D:2      | Reached skill level 1 in Long Blades
   712 | D:2      | Reached skill level 1 in Axes
   712 | D:2      | Reached skill level 1 in Maces & Flails
   712 | D:2      | Reached skill level 1 in Staves
   712 | D:2      | Reached skill level 1 in Slings
   712 | D:2      | Reached skill level 1 in Bows
   712 | D:2      | Reached skill level 1 in Crossbows
   712 | D:2      | Reached skill level 1 in Throwing
   712 | D:2      | Reached skill level 1 in Stealth
   712 | D:2      | Reached skill level 1 in Shields
   712 | D:2      | Reached skill level 1 in Unarmed Combat
   712 | D:2      | Reached skill level 1 in Evocations
   712 | D:2      | Reached XP level 4. HP: 23/38 MP: 7/11
  1234 | D:2      | Reached skill level 1 in Conjurations
  1234 | D:2      | Reached skill level 1 in Hexes
  1234 | D:2      | Reached skill level 1 in Summonings
  1234 | D:2      | Reached skill level 1 in Necromancy
  1234 | D:2      | Reached skill level 1 in Translocations
  1234 | D:2      | Reached skill level 1 in Transmutations
  1234 | D:2      | Reached skill level 1 in Fire Magic
  1234 | D:2      | Reached skill level 1 in Ice Magic
  1234 | D:2      | Reached skill level 1 in Air Magic
  1234 | D:2      | Reached skill level 1 in Earth Magic
  1234 | D:2      | Reached skill level 1 in Poison Magic
  1527 | D:3      | Noticed Verendum's ghost (amateur OpFE)
  1538 | D:3      | Killed Verendum's ghost
  1538 | D:3      | Reached skill level 3 in Armour
  1538 | D:3      | Reached XP level 5. HP: 22/43 MP: 3/12
  1671 | D:3      | Reached XP level 6. HP: 48/50 MP: 9/13
  1742 | D:3      | Reached skill level 2 in Invocations
  2173 | D:3      | Learned a level 3 spell: Regeneration
  2217 | D:4      | Got an ancient glass ring
  2336 | D:4      | Noticed Grinder
  2463 | D:4      | Found Meug's Magic Scroll Emporium.
  2473 | D:4      | Bought a scroll of noise for 14 gold pieces
  2473 | D:4      | Bought a scroll of identify for 28 gold pieces
  2473 | D:4      | Bought a scroll of identify for 28 gold pieces
  2473 | D:4      | Bought 2 scrolls of identify for 56 gold pieces
  2473 | D:4      | Bought a scroll of identify for 28 gold pieces
  2473 | D:4      | Bought a scroll of identify for 28 gold pieces
  2475 | D:4      | Identified the ring of Symmetry {rF+ Str+3 Dex-4 Stlth-} (You found it on level 4 of the Dungeon)
  2667 | D:4      | Reached skill level 5 in Fighting
  2667 | D:4      | Reached skill level 2 in Short Blades
  2667 | D:4      | Reached skill level 2 in Long Blades
  2667 | D:4      | Reached skill level 2 in Axes
  2667 | D:4      | Reached skill level 2 in Maces & Flails
  2667 | D:4      | Reached skill level 5 in Polearms
  2667 | D:4      | Reached skill level 2 in Staves
  2667 | D:4      | Reached skill level 2 in Slings
  2667 | D:4      | Reached skill level 2 in Bows
  2667 | D:4      | Reached skill level 2 in Crossbows
  2667 | D:4      | Reached skill level 2 in Throwing
  2667 | D:4      | Reached skill level 5 in Dodging
  2667 | D:4      | Reached skill level 2 in Stealth
  2667 | D:4      | Reached skill level 2 in Shields
  2667 | D:4      | Reached skill level 2 in Unarmed Combat
  2667 | D:4      | Reached skill level 2 in Evocations
  2932 | D:4      | Reached XP level 7. HP: 56/56 MP: 11/15
  3151 | D:5      | Entered Level 5 of the Dungeon
  3499 | D:5      | Reached skill level 2 in Conjurations
  3499 | D:5      | Reached skill level 2 in Hexes
  3499 | D:5      | Reached skill level 2 in Summonings
  3499 | D:5      | Reached skill level 2 in Necromancy
  3499 | D:5      | Reached skill level 2 in Translocations
  3499 | D:5      | Reached skill level 2 in Transmutations
  3499 | D:5      | Reached skill level 2 in Fire Magic
  3499 | D:5      | Reached skill level 2 in Ice Magic
  3499 | D:5      | Reached skill level 2 in Air Magic
  3499 | D:5      | Reached skill level 2 in Earth Magic
  3499 | D:5      | Reached skill level 2 in Poison Magic
  3558 | D:5      | Found a staircase to the Ecumenical Temple.
  3589 | Temple   | Entered the Ecumenical Temple
  3761 | Temple   | Became a worshipper of Ashenzari the Shackled
  4531 | D:6      | Reached skill level 3 in Invocations
  4567 | D:6      | Found Qusuod's Magic Scroll Emporium.
  4672 | D:6      | Found an iron altar of Okawaru.
  4716 | D:6      | Learned a level 2 spell: Shroud of Golubria
  4725 | D:6      | Reached skill level 6 in Charms
  4725 | D:6      | Reached XP level 8. HP: 60/63 MP: 10/16
  4793 | D:6      | Reached skill level 3 in Short Blades
  4793 | D:6      | Reached skill level 3 in Long Blades
  4793 | D:6      | Reached skill level 3 in Axes
  4793 | D:6      | Reached skill level 3 in Maces & Flails
  4793 | D:6      | Reached skill level 3 in Staves
  4793 | D:6      | Reached skill level 3 in Slings
  4793 | D:6      | Reached skill level 3 in Bows
  4793 | D:6      | Reached skill level 3 in Crossbows
  4793 | D:6      | Reached skill level 3 in Throwing
  4793 | D:6      | Reached skill level 4 in Armour
  4793 | D:6      | Reached skill level 3 in Stealth
  4793 | D:6      | Reached skill level 3 in Shields
  4793 | D:6      | Reached skill level 3 in Unarmed Combat
  4793 | D:6      | Reached skill level 3 in Evocations
  5333 | D:7      | Reached skill level 6 in Spellcasting
  5412 | D:7      | Found a sacrificial altar of Ru.
  5646 | D:7      | Found Duhif's General Store.
  5654 | D:7      | Bought a +0 pair of gloves for 67 gold pieces
  5695 | D:7      | Reached skill level 3 in Conjurations
  5695 | D:7      | Reached skill level 3 in Hexes
  5695 | D:7      | Reached skill level 3 in Summonings
  5695 | D:7      | Reached skill level 3 in Necromancy
  5695 | D:7      | Reached skill level 3 in Translocations
  5695 | D:7      | Reached skill level 3 in Transmutations
  5695 | D:7      | Reached skill level 3 in Fire Magic
  5695 | D:7      | Reached skill level 3 in Ice Magic
  5695 | D:7      | Reached skill level 3 in Air Magic
  5695 | D:7      | Reached skill level 3 in Earth Magic
  5695 | D:7      | Reached skill level 3 in Poison Magic
  5695 | D:7      | Reached skill level 4 in Invocations
  5815 | D:7      | Noticed a hippogriff
  5825 | D:7      | Killed a hippogriff
  5825 | D:7      | Reached skill level 6 in Fighting
  5825 | D:7      | Reached skill level 6 in Polearms
  5825 | D:7      | Reached skill level 6 in Dodging
  5825 | D:7      | Reached XP level 9. HP: 62/69 MP: 13/18
  5950 | D:7      | Reached skill level 4 in Short Blades
  5950 | D:7      | Reached skill level 4 in Long Blades
  5950 | D:7      | Reached skill level 4 in Axes
  5950 | D:7      | Reached skill level 4 in Maces & Flails
  5950 | D:7      | Reached skill level 4 in Staves
  5950 | D:7      | Reached skill level 4 in Slings
  5950 | D:7      | Reached skill level 4 in Bows
  5950 | D:7      | Reached skill level 4 in Crossbows
  5950 | D:7      | Reached skill level 4 in Throwing
  5950 | D:7      | Reached skill level 4 in Stealth
  5950 | D:7      | Reached skill level 4 in Shields
  5950 | D:7      | Reached skill level 4 in Unarmed Combat
  5950 | D:7      | Reached skill level 4 in Evocations
  6126 | D:7      | Noticed Menkaure
  6134 | D:7      | Killed Menkaure
  6320 | D:7      | Reached skill level 5 in Armour
  6468 | D:7      | Reached * piety under Ashenzari
  6840 | D:8      | Found a sparkling altar of Nemelex Xobeh.
  6862 | D:8      | Identified the +3 leather armour "Kaum" {MR+}
  6870 | D:8      | Found a hazy altar of Hepliaklqana.
  6892 | D:8      | Noticed 1994's ghost (novice NaTm)
  7014 | D:7      | Reached skill level 5 in Invocations
  7618 | D:4      | Killed Grinder
  7618 | D:4      | Reached skill level 7 in Spellcasting
  7618 | D:4      | Reached skill level 4 in Conjurations
  7618 | D:4      | Reached skill level 4 in Hexes
  7618 | D:4      | Reached skill level 4 in Summonings
  7618 | D:4      | Reached skill level 4 in Necromancy
  7618 | D:4      | Reached skill level 4 in Translocations
  7618 | D:4      | Reached skill level 4 in Transmutations
  7618 | D:4      | Reached skill level 4 in Fire Magic
  7618 | D:4      | Reached skill level 4 in Ice Magic
  7618 | D:4      | Reached skill level 4 in Air Magic
  7618 | D:4      | Reached skill level 4 in Earth Magic
  7618 | D:4      | Reached skill level 4 in Poison Magic
  7618 | D:4      | Reached XP level 10. HP: 75/77 MP: 9/20
  7951 | D:5      | Found a sparkling altar of Nemelex Xobeh.
  8010 | D:5      | Found a sacrificial altar of Ru.
  8011 | D:5      | Found a burning altar of Makhleb.
  8162 | D:8      | Reached skill level 5 in Short Blades
  8162 | D:8      | Reached skill level 5 in Long Blades
  8162 | D:8      | Reached skill level 5 in Axes
  8162 | D:8      | Reached skill level 5 in Maces & Flails
  8162 | D:8      | Reached skill level 5 in Staves
  8162 | D:8      | Reached skill level 5 in Slings
  8162 | D:8      | Reached skill level 5 in Bows
  8162 | D:8      | Reached skill level 5 in Crossbows
  8162 | D:8      | Reached skill level 5 in Throwing
  8162 | D:8      | Reached skill level 5 in Stealth
  8162 | D:8      | Reached skill level 5 in Shields
  8162 | D:8      | Reached skill level 5 in Unarmed Combat
  8162 | D:8      | Reached skill level 5 in Evocations
  8200 | D:8      | Banished 1994's ghost
  8200 | D:8      | Reached skill level 7 in Fighting
  8200 | D:8      | Reached skill level 7 in Polearms
  8200 | D:8      | Reached skill level 7 in Dodging
  8200 | D:8      | Reached skill level 7 in Charms
  8475 | D:9      | Found an opulent altar of Gozag.
  8968 | D:9      | Reached skill level 6 in Armour
  9009 | D:9      | Found Oczokk's Book Emporium.
  9258 | D:9      | Reached skill level 6 in Invocations
  9621 | D:10     | Entered Level 10 of the Dungeon
  9621 | D:10     | Noticed Erolcha
  9626 | D:10     | Killed Erolcha
  9626 | D:10     | Reached XP level 11. HP: 60/84 MP: 16/22
  9655 | D:10     | Found a staircase to the Orcish Mines.
  9776 | D:10     | Noticed Totori's ghost (journeyman DrFE)
 10020 | D:10     | Reached ** piety under Ashenzari
 10733 | D:11     | Noticed a white ugly thing
 10740 | D:11     | Banished a white ugly thing
 10740 | D:11     | Reached skill level 6 in Short Blades
 10740 | D:11     | Reached skill level 6 in Long Blades
 10740 | D:11     | Reached skill level 6 in Axes
 10740 | D:11     | Reached skill level 6 in Maces & Flails
 10740 | D:11     | Reached skill level 6 in Staves
 10740 | D:11     | Reached skill level 6 in Slings
 10740 | D:11     | Reached skill level 6 in Bows
 10740 | D:11     | Reached skill level 6 in Crossbows
 10740 | D:11     | Reached skill level 6 in Throwing
 10740 | D:11     | Reached skill level 6 in Stealth
 10740 | D:11     | Reached skill level 6 in Shields
 10740 | D:11     | Reached skill level 6 in Unarmed Combat
 10740 | D:11     | Reached skill level 6 in Evocations
 11049 | D:11     | Found a staircase to the Lair.
 11170 | D:11     | Reached skill level 5 in Conjurations
 11170 | D:11     | Reached skill level 5 in Hexes
 11170 | D:11     | Reached skill level 5 in Summonings
 11170 | D:11     | Reached skill level 5 in Necromancy
 11170 | D:11     | Reached skill level 5 in Translocations
 11170 | D:11     | Reached skill level 5 in Transmutations
 11170 | D:11     | Reached skill level 5 in Fire Magic
 11170 | D:11     | Reached skill level 5 in Ice Magic
 11170 | D:11     | Reached skill level 5 in Air Magic
 11170 | D:11     | Reached skill level 5 in Earth Magic
 11170 | D:11     | Reached skill level 5 in Poison Magic
 11367 | D:12     | Noticed a brown ugly thing
 11375 | D:12     | Reached skill level 8 in Spellcasting
 11412 | D:12     | Noticed Maurice
 11416 | D:12     | Killed Maurice
 11521 | D:12     | Killed an unseen horror
 11603 | D:12     | Reached *** piety under Ashenzari
 11678 | D:12     | Noticed a wizard
 11741 | D:12     | Noticed a wizard
 11741 | D:12     | Noticed a wizard
 11741 | D:12     | Noticed a wizard
 11756 | D:12     | Killed a wizard
 11756 | D:12     | Reached skill level 8 in Dodging
 11756 | D:12     | Reached skill level 7 in Invocations
 11853 | D:12     | Paralysed by a wizard for 7 turns
 11865 | D:12     | Killed a wizard
 11865 | D:12     | Reached skill level 8 in Fighting
 11865 | D:12     | Reached skill level 8 in Polearms
 11865 | D:12     | Reached skill level 7 in Armour
 12252 | D:12     | Killed a brown ugly thing
 12336 | D:12     | Killed a wizard
 12485 | Lair:1   | Entered Level 1 of the Lair of Beasts
 12582 | Lair:1   | Reached XP level 12. HP: 93/93 MP: 19/24
 12592 | Lair:1   | Noticed Nergalle
 12682 | Lair:1   | Killed Nergalle
 12682 | Lair:1   | Reached skill level 8 in Charms
 13409 | Lair:2   | Found a hole to the Spider Nest.
 13422 | Lair:2   | Reached skill level 9 in Dodging
 13507 | Lair:2   | Reached skill level 7 in Short Blades
 13507 | Lair:2   | Reached skill level 7 in Long Blades
 13507 | Lair:2   | Reached skill level 7 in Axes
 13507 | Lair:2   | Reached skill level 7 in Maces & Flails
 13507 | Lair:2   | Reached skill level 7 in Staves
 13507 | Lair:2   | Reached skill level 7 in Slings
 13507 | Lair:2   | Reached skill level 7 in Bows
 13507 | Lair:2   | Reached skill level 7 in Crossbows
 13507 | Lair:2   | Reached skill level 7 in Throwing
 13507 | Lair:2   | Reached skill level 7 in Stealth
 13507 | Lair:2   | Reached skill level 7 in Shields
 13507 | Lair:2   | Reached skill level 7 in Unarmed Combat
 13507 | Lair:2   | Reached skill level 7 in Evocations
 13552 | Lair:2   | Noticed a death yak
 13558 | Lair:2   | Noticed a death yak
 13781 | Lair:2   | Noticed a death yak
 13785 | Lair:2   | Noticed a death yak
 13799 | Lair:2   | Banished a death yak
 14222 | Lair:2   | Reached skill level 6 in Conjurations
 14222 | Lair:2   | Reached skill level 6 in Hexes
 14222 | Lair:2   | Reached skill level 6 in Summonings
 14222 | Lair:2   | Reached skill level 6 in Necromancy
 14222 | Lair:2   | Reached skill level 6 in Translocations
 14222 | Lair:2   | Reached skill level 6 in Transmutations
 14222 | Lair:2   | Reached skill level 6 in Fire Magic
 14222 | Lair:2   | Reached skill level 6 in Ice Magic
 14222 | Lair:2   | Reached skill level 6 in Air Magic
 14222 | Lair:2   | Reached skill level 6 in Earth Magic
 14222 | Lair:2   | Reached skill level 6 in Poison Magic
 14301 | Lair:2   | Banished a death yak
 14550 | Lair:1   | Reached skill level 8 in Invocations
 14890 | Lair:1   | Reached skill level 9 in Spellcasting
 15196 | Lair:2   | Banished a death yak
 15203 | Lair:2   | Banished a death yak
 15393 | Lair:3   | Reached skill level 8 in Armour
 15529 | Lair:3   | Noticed Snorg
 15599 | Lair:3   | Learned a level 3 spell: Ozocubu's Armour
 15604 | Lair:3   | Learned a level 4 spell: Throw Icicle
 15609 | Lair:3   | Learned a level 4 spell: Summon Ice Beast
 15635 | Lair:3   | Banished Snorg
 15650 | Lair:3   | Noticed a catoblepas
 15774 | Lair:3   | Reached skill level 9 in Fighting
 15774 | Lair:3   | Reached skill level 9 in Polearms
 15807 | Lair:3   | Reached skill level 10 in Dodging
 15973 | Lair:3   | Reached XP level 13. HP: 94/101 MP: 22/26
 16568 | Lair:4   | Found a staircase to the Swamp.
 17016 | Lair:4   | Reached **** piety under Ashenzari
 17115 | Lair:4   | Reached skill level 8 in Short Blades
 17115 | Lair:4   | Reached skill level 8 in Long Blades
 17115 | Lair:4   | Reached skill level 8 in Axes
 17115 | Lair:4   | Reached skill level 8 in Maces & Flails
 17115 | Lair:4   | Reached skill level 8 in Staves
 17115 | Lair:4   | Reached skill level 8 in Slings
 17115 | Lair:4   | Reached skill level 8 in Bows
 17115 | Lair:4   | Reached skill level 8 in Crossbows
 17115 | Lair:4   | Reached skill level 8 in Throwing
 17115 | Lair:4   | Reached skill level 8 in Stealth
 17115 | Lair:4   | Reached skill level 8 in Shields
 17115 | Lair:4   | Reached skill level 8 in Unarmed Combat
 17115 | Lair:4   | Reached skill level 8 in Evocations
 17157 | Lair:5   | Found a frozen archway.
 17265 | IceCv    | Entered an ice cave
 17283 | IceCv    | Found a transporter.
 17946 | Lair:5   | Reached skill level 9 in Invocations
 18879 | Lair:6   | Entered Level 6 of the Lair of Beasts
 18894 | Lair:6   | Found a labyrinth entrance.
 18950 | Lab      | Entered a labyrinth
 18950 | Lab      | Reached ***** piety under Ashenzari
 19062 | Lab      | Noticed a minotaur
 19078 | Lab      | Killed a minotaur
 19078 | Lab      | Identified the ring of Sodooliph {rC+ Int+3 Stlth+} (You took it off a minotaur in a labyrinth)
 19423 | Lair:6   | Reached skill level 7 in Conjurations
 19423 | Lair:6   | Reached skill level 7 in Hexes
 19423 | Lair:6   | Reached skill level 9 in Charms
 19423 | Lair:6   | Reached skill level 7 in Summonings
 19423 | Lair:6   | Reached skill level 7 in Necromancy
 19423 | Lair:6   | Reached skill level 7 in Translocations
 19423 | Lair:6   | Reached skill level 7 in Transmutations
 19423 | Lair:6   | Reached skill level 7 in Fire Magic
 19423 | Lair:6   | Reached skill level 7 in Ice Magic
 19423 | Lair:6   | Reached skill level 7 in Air Magic
 19423 | Lair:6   | Reached skill level 7 in Earth Magic
 19423 | Lair:6   | Reached skill level 7 in Poison Magic
 19440 | Lair:6   | Reached skill level 11 in Dodging
 19622 | Lair:6   | Reached skill level 9 in Armour
 19729 | Lair:6   | Reached skill level 10 in Spellcasting
 19818 | Lair:6   | Reached XP level 14. HP: 109/109 MP: 5/28
 20180 | Lair:6   | Reached skill level 10 in Fighting
 20180 | Lair:6   | Reached skill level 10 in Polearms
 20201 | Lair:6   | Identified Hychytt's Almanac of Mutagenic Enchantment
 20736 | Lair:6   | Reached skill level 9 in Short Blades
 20736 | Lair:6   | Reached skill level 9 in Long Blades
 20736 | Lair:6   | Reached skill level 9 in Axes
 20736 | Lair:6   | Reached skill level 9 in Maces & Flails
 20736 | Lair:6   | Reached skill level 9 in Staves
 20736 | Lair:6   | Reached skill level 9 in Slings
 20736 | Lair:6   | Reached skill level 9 in Bows
 20736 | Lair:6   | Reached skill level 9 in Crossbows
 20736 | Lair:6   | Reached skill level 9 in Throwing
 20736 | Lair:6   | Reached skill level 9 in Stealth
 20736 | Lair:6   | Reached skill level 9 in Shields
 20736 | Lair:6   | Reached skill level 9 in Unarmed Combat
 20736 | Lair:6   | Reached skill level 9 in Evocations
 21410 | Lair:6   | Reached skill level 10 in Invocations
 21480 | Lair:6   | Reached skill level 12 in Dodging
 21894 | Lair:6   | Found a staircase to the Slime Pits.
 22232 | Lair:1   | Identified a scroll of acquirement
 22239 | Lair:1   | Identified a cursed +2 crystal plate armour (You acquired it on level 1 of the Lair of Beasts)
 22483 | D:13     | Found a gate to the Vaults.
 22499 | D:13     | Reached skill level 8 in Conjurations
 22499 | D:13     | Reached skill level 8 in Hexes
 22499 | D:13     | Reached skill level 8 in Summonings
 22499 | D:13     | Reached skill level 8 in Necromancy
 22499 | D:13     | Reached skill level 8 in Translocations
 22499 | D:13     | Reached skill level 8 in Transmutations
 22499 | D:13     | Reached skill level 8 in Fire Magic
 22499 | D:13     | Reached skill level 8 in Ice Magic
 22499 | D:13     | Reached skill level 8 in Air Magic
 22499 | D:13     | Reached skill level 8 in Earth Magic
 22499 | D:13     | Reached skill level 8 in Poison Magic
 22499 | D:13     | Reached XP level 15. HP: 95/117 MP: 25/29
 22666 | D:13     | Learned a level 2 spell: Sticks to Snakes
 22721 | D:13     | Found Xanner's Gadget Shop.
 23037 | D:14     | Reached skill level 10 in Armour
 23763 | D:15     | Entered Level 15 of the Dungeon
 23769 | D:15     | Reached skill level 11 in Spellcasting
 23822 | D:15     | Reached skill level 10 in Charms
 24067 | D:15     | Reached skill level 13 in Dodging
 24373 | D:15     | Reached skill level 10 in Short Blades
 24373 | D:15     | Reached skill level 10 in Long Blades
 24373 | D:15     | Reached skill level 10 in Axes
 24373 | D:15     | Reached skill level 10 in Maces & Flails
 24373 | D:15     | Reached skill level 10 in Staves
 24373 | D:15     | Reached skill level 10 in Slings
 24373 | D:15     | Reached skill level 10 in Bows
 24373 | D:15     | Reached skill level 10 in Crossbows
 24373 | D:15     | Reached skill level 10 in Throwing
 24373 | D:15     | Reached skill level 10 in Stealth
 24373 | D:15     | Reached skill level 10 in Shields
 24373 | D:15     | Reached skill level 10 in Unarmed Combat
 24373 | D:15     | Reached skill level 10 in Evocations
 24430 | D:15     | Found a staircase to the Depths.
 24662 | D:15     | Reached skill level 11 in Fighting
 24662 | D:15     | Reached skill level 11 in Polearms
 25251 | Lair:1   | afk for a bit
 25251 | Lair:1   | back baby
 25290 | Orc:1    | Entered Level 1 of the Orcish Mines
 25372 | Orc:2    | Entered Level 2 of the Orcish Mines
 25668 | Orc:2    | Reached ****** piety under Ashenzari
 25713 | Orc:2    | Noticed Nessos
 25729 | Orc:2    | Killed Nessos
 25729 | Orc:2    | Reached skill level 11 in Invocations
 25885 | Orc:2    | Noticed Sonja
 26447 | Orc:2    | Killed Sonja
 27362 | Orc:2    | Found Tuud's Antique Armour Boutique.
 27381 | Orc:2    | Bought a pair of embroidered boots for 217 gold pieces
 27391 | Orc:2    | Identified a +2 pair of boots of running (You bought it in a shop on level 2 of the Orcish Mines)
 27412 | Orc:2    | Found a staircase to the Elven Halls.
 27856 | Orc:2    | Found Ruvaibbu's Antique Weapon Emporium.
 27859 | Orc:2    | Found Ipropan's Antique Weapon Emporium.
 27860 | Orc:2    | Found Fuavosocont's Antique Weapon Emporium.
 27861 | Orc:2    | Found Butif's Gadget Shoppe.
 27867 | Orc:2    | Bought a wand of iceblast (11) for 240 gold pieces
 27868 | Orc:2    | Bought an ancient war axe for 153 gold pieces
 27868 | Orc:2    | Identified the +7 war axe "Peaduah" {venom, rElec rF- rC+ Int+5} (You bought it in a shop on level 2 of the Orcish Mines)
 27953 | Orc:2    | Reached XP level 16. HP: 125/125 MP: 31/31
 28447 | Swamp:1  | Entered Level 1 of the Swamp
 28557 | Swamp:1  | Noticed Frances
 28578 | Swamp:1  | Noticed a thorn hunter
 28879 | Swamp:1  | Killed Frances
 29087 | Swamp:1  | Noticed Donald
 29129 | Swamp:1  | Killed a thorn hunter
 29375 | Swamp:1  | Noticed Louise
 29477 | Swamp:1  | Killed Donald
 29478 | Swamp:1  | fuck i wanted that shield
 29506 | Swamp:1  | Killed Louise
 29672 | Swamp:2  | Identified the +5 leather armour "Kenaemna" {rPois rN+ Dex+2}
 29732 | Swamp:2  | Reached skill level 9 in Conjurations
 29732 | Swamp:2  | Reached skill level 9 in Hexes
 29732 | Swamp:2  | Reached skill level 9 in Summonings
 29732 | Swamp:2  | Reached skill level 9 in Necromancy
 29732 | Swamp:2  | Reached skill level 9 in Translocations
 29732 | Swamp:2  | Reached skill level 9 in Transmutations
 29732 | Swamp:2  | Reached skill level 9 in Fire Magic
 29732 | Swamp:2  | Reached skill level 9 in Ice Magic
 29732 | Swamp:2  | Reached skill level 9 in Air Magic
 29732 | Swamp:2  | Reached skill level 9 in Earth Magic
 29732 | Swamp:2  | Reached skill level 9 in Poison Magic
 29804 | Swamp:2  | Noticed a thorn hunter
 29905 | Swamp:2  | Noticed Jorgrun
 29916 | Swamp:2  | Killed Jorgrun
 29932 | Swamp:2  | Reached skill level 11 in Armour
 29954 | Swamp:2  | Reached skill level 14 in Dodging
 30112 | Swamp:2  | dicks
 30708 | Swamp:3  | Identified the +8 hand axe of True Grit {antimagic, rF+} (You found it on level 12 of the Dungeon)
 30709 | Swamp:3  | Identified the cursed ring of Satyriasis {Str+2 Int+5 Dex+2} (You acquired it on level 3 of the Swamp)
 30713 | Swamp:3  | >implying stats don't matter
 30969 | Swamp:3  | Identified a potion of resistance
 31071 | Swamp:3  | Noticed a thorn hunter
 31075 | Swamp:3  | Banished a thorn hunter
 31890 | Swamp:2  | Identified the ring of Dotug {Fire Dex+4}
 31986 | Swamp:2  | Reached skill level 11 in Short Blades
 31986 | Swamp:2  | Reached skill level 11 in Long Blades
 31986 | Swamp:2  | Reached skill level 11 in Axes
 31986 | Swamp:2  | Reached skill level 11 in Maces & Flails
 31986 | Swamp:2  | Reached skill level 11 in Staves
 31986 | Swamp:2  | Reached skill level 11 in Slings
 31986 | Swamp:2  | Reached skill level 11 in Bows
 31986 | Swamp:2  | Reached skill level 11 in Crossbows
 31986 | Swamp:2  | Reached skill level 11 in Throwing
 31986 | Swamp:2  | Reached skill level 11 in Stealth
 31986 | Swamp:2  | Reached skill level 11 in Shields
 31986 | Swamp:2  | Reached skill level 11 in Unarmed Combat
 31986 | Swamp:2  | Reached skill level 11 in Evocations
 32250 | Swamp:4  | Entered Level 4 of the Swamp
 32306 | Swamp:4  | Reached skill level 12 in Spellcasting
 32358 | Swamp:4  | Reached XP level 17. HP: 129/133 MP: 9/33
 32460 | Swamp:4  | Reached skill level 12 in Invocations
 32838 | Swamp:4  | Reached skill level 12 in Fighting
 32838 | Swamp:4  | Reached skill level 12 in Polearms
 33149 | Swamp:4  | Reached skill level 11 in Charms
 33219 | Swamp:4  | Got a decaying rune of Zot
 33648 | Spider:1 | Entered Level 1 of the Spider Nest
 33931 | Spider:1 | Reached skill level 15 in Dodging
 35118 | Spider:1 | Reached skill level 10 in Conjurations
 35118 | Spider:1 | Reached skill level 10 in Hexes
 35118 | Spider:1 | Reached skill level 10 in Summonings
 35118 | Spider:1 | Reached skill level 10 in Necromancy
 35118 | Spider:1 | Reached skill level 10 in Translocations
 35118 | Spider:1 | Reached skill level 10 in Transmutations
 35118 | Spider:1 | Reached skill level 10 in Fire Magic
 35118 | Spider:1 | Reached skill level 10 in Ice Magic
 35118 | Spider:1 | Reached skill level 10 in Air Magic
 35118 | Spider:1 | Reached skill level 10 in Earth Magic
 35118 | Spider:1 | Reached skill level 10 in Poison Magic
 35461 | Spider:2 | Reached XP level 18. HP: 132/141 MP: 22/34
 35480 | Spider:2 | Reached skill level 12 in Armour
 35578 | Spider:2 | Noticed Nikola
 35578 | Spider:2 | ABORT
 37284 | Spider:4 | Entered Level 4 of the Spider Nest
 37474 | Spider:4 | Got the uncursed pair of gloves of Wueklysi {rN+ rCorr Str-5}
 37485 | Spider:4 | Identified the +5 pair of gloves of Wueklysi {rN+ rCorr Str-5} (You found it on level 4 of the Spider Nest)
 37558 | Spider:4 | who the fuck designed shock wasps
 37690 | Spider:4 | Reached skill level 12 in Short Blades
 37690 | Spider:4 | Reached skill level 12 in Long Blades
 37690 | Spider:4 | Reached skill level 12 in Axes
 37690 | Spider:4 | Reached skill level 12 in Maces & Flails
 37690 | Spider:4 | Reached skill level 12 in Staves
 37690 | Spider:4 | Reached skill level 12 in Slings
 37690 | Spider:4 | Reached skill level 12 in Bows
 37690 | Spider:4 | Reached skill level 12 in Crossbows
 37690 | Spider:4 | Reached skill level 12 in Throwing
 37690 | Spider:4 | Reached skill level 12 in Stealth
 37690 | Spider:4 | Reached skill level 12 in Shields
 37690 | Spider:4 | Reached skill level 12 in Unarmed Combat
 37690 | Spider:4 | Reached skill level 12 in Evocations
 37810 | Spider:4 | Reached skill level 13 in Invocations
 37829 | Spider:4 | Identified the +2 pair of boots of Ygoik {+Fly rElec MR-}
 38430 | Spider:4 | Reached skill level 13 in Spellcasting
 38508 | Spider:4 | Reached skill level 16 in Dodging
 38712 | Spider:4 | Got a gossamer rune of Zot
 39121 | Lair:1   | Learned a level 6 spell: Darkness
 39125 | Lair:1   | Learned a level 3 spell: Tukima's Dance
 39134 | Lair:1   | i'm gonna do something stupid
 39134 | Lair:1   | and go do slime since i have rcorr
 39135 | Lair:1   | nevermind i don't have ?torment
 39251 | Elf:1    | Entered Level 1 of the Elven Halls
 39252 | Elf:1    | oh no
 39252 | Elf:1    | time to stairdance like the pharaos of old
 39526 | Elf:1    | Noticed Lucio's ghost (journeyman GrEE)
 39526 | Elf:1    | How the fuck did this guy get here
 39526 | Elf:1    | With nothing but stone arrow
 39643 | Elf:1    | Reached skill level 13 in Fighting
 39643 | Elf:1    | Reached skill level 13 in Polearms
 40052 | Elf:1    | Banished Lucio's ghost
 40068 | Elf:1    | Reached XP level 19. HP: 127/149 MP: 25/36
 40449 | Elf:2    | Found Osot's Weapon Emporium.
 40535 | Elf:2    | Found Emihaim's Jewellery Shop.
 40604 | Elf:2    | Found a ruined gateway.
 40859 | Elf:2    | Found Nypeon's Jewellery Emporium.
 40882 | Desolati | Entered the Desolation of Salt
 40974 | Desolati | Identified the +3 hand crossbow "Giantbane" {penet, Int+2}
 40974 | Desolati | Identified the +2 helmet of the Neverending Wishes {rElec Str+3}
 40990 | Desolati | i want that hat
 41145 | Desolati | Identified a scarf of resistance (You found it in the Desolation of Salt)
 41381 | Desolati | Found the +5 pair of quick blades "Gyre" and "Gimble" {pierce, Dex-3}
 41381 | Desolati | Identified the +7 crystal plate armour "Sow Rinu" {rF- rC+ MR+ Str+2}
 41383 | Desolati | second manual WOOOOOOO
 41385 | Desolati | Identified the +5 ring mail "Neap" {rCorr Str+2}
 41526 | Desolati | Reached skill level 12 in Charms
 41986 | Desolati | Identified the +5 longbow "Rokkunas" {freeze, +Inv +Fly MR+ MP-9}
 42480 | Elf:2    | I FOUND MY NEW WEAPON
 42573 | Elf:1    | Reached skill level 13 in Armour
 42981 | Lair:1   | Goodbye dist trident, you will be missed
 42987 | Lair:1   | fuck me
 43430 | Elf:2    | Found a runed gate.
 43430 | Elf:2    | Found a runed gate.
 43430 | Elf:2    | Found a runed gate.
 43512 | Elf:2    | Reached skill level 11 in Conjurations
 43512 | Elf:2    | Reached skill level 11 in Hexes
 43512 | Elf:2    | Reached skill level 11 in Summonings
 43512 | Elf:2    | Reached skill level 11 in Necromancy
 43512 | Elf:2    | Reached skill level 11 in Translocations
 43512 | Elf:2    | Reached skill level 11 in Transmutations
 43512 | Elf:2    | Reached skill level 11 in Fire Magic
 43512 | Elf:2    | Reached skill level 11 in Ice Magic
 43512 | Elf:2    | Reached skill level 11 in Air Magic
 43512 | Elf:2    | Reached skill level 11 in Earth Magic
 43512 | Elf:2    | Reached skill level 11 in Poison Magic
 43614 | Elf:2    | Reached skill level 13 in Shields
 43942 | Elf:2    | Reached skill level 17 in Dodging
 44098 | Elf:2    | Reached XP level 20. HP: 157/157 MP: 34/37
 44140 | Elf:3    | Entered Level 3 of the Elven Halls
 44140 | Elf:3    | Found Urocossol's Gadget Shoppe.
 44143 | Elf:3    | Bought a wand of iceblast (5) for 171 gold pieces
 44143 | Elf:3    | Bought a wand of paralysis (13) for 285 gold pieces
 44181 | Elf:3    | Reached skill level 14 in Invocations
 44185 | Elf:3    | Reached skill level 13 in Short Blades
 44185 | Elf:3    | Reached skill level 13 in Long Blades
 44185 | Elf:3    | Reached skill level 13 in Axes
 44185 | Elf:3    | Reached skill level 13 in Maces & Flails
 44185 | Elf:3    | Reached skill level 13 in Staves
 44185 | Elf:3    | Reached skill level 13 in Slings
 44185 | Elf:3    | Reached skill level 13 in Bows
 44185 | Elf:3    | Reached skill level 13 in Crossbows
 44185 | Elf:3    | Reached skill level 13 in Throwing
 44185 | Elf:3    | Reached skill level 13 in Stealth
 44185 | Elf:3    | Reached skill level 13 in Unarmed Combat
 44185 | Elf:3    | Reached skill level 13 in Evocations
 44218 | Elf:3    | Found a flickering gateway to a bazaar.
 44267 | Bazaar   | Entered a bazaar
 44274 | Bazaar   | Found Yteone's Assorted Antiques.
 44282 | Bazaar   | Bought a potion of haste for 180 gold pieces
 44282 | Bazaar   | Bought a scroll of remove curse for 54 gold pieces
 44282 | Bazaar   | Bought a potion of heal wounds for 90 gold pieces
 44282 | Bazaar   | Bought a scroll of fog for 36 gold pieces
 44288 | Bazaar   | Found Utoczi's Food Boutique.
 44313 | Bazaar   | Found Qixanim's Food Boutique.
 44327 | Bazaar   | Found Bivarroere's Assorted Antiques.
 44335 | Bazaar   | Bought a scroll of fog for 32 gold pieces
 44335 | Bazaar   | Bought a potion of heal wounds for 80 gold pieces
 44341 | Bazaar   | Found Jesteen's Food Boutique.
 44460 | Bazaar   | Bought a papyrus book for 270 gold pieces
 44510 | Bazaar   | Bought a potion of invisibility for 128 gold pieces
 44740 | Elf:3    | Found Kiloaxt's Assorted Antiques.
 44746 | Elf:3    | Bought a wand of acid (3) for 208 gold pieces
 44746 | Elf:3    | Bought a twisted cloak for 247 gold pieces
 44746 | Elf:3    | Identified the +2 cloak of Creativity {rElec} (You bought it in a shop on level 3 of the Elven Halls)
 44750 | Elf:3    | Found Bisuf's Armour Boutique.
 45311 | Elf:3    | Reached skill level 14 in Spellcasting
 45513 | Elf:3    | Identified the +0 leather armour "Fathrun" {rF+++ rCorr Str-4 Stlth+} (You took it off a deep elf archer on level 3 of the Elven Halls)
 45543 | Elf:3    | Reached skill level 14 in Shields
 45613 | Elf:3    | Reached skill level 14 in Fighting
 45613 | Elf:3    | Reached skill level 14 in Polearms
 45665 | Elf:3    | Identified the +9 battleaxe "Ajutyo" {vamp, MR+} (You took it off a deep elf demonologist on level 3 of the Elven Halls)
 45672 | Elf:3    | Identified the +3 ring mail of the Pleiades {Dex+6} (You took it off a deep elf high priest on level 3 of the Elven Halls)
 45683 | Elf:3    | Cast into level 3 of the Abyss (a deep elf demonologist)
 45683 | Abyss:3  | Found a corrupted altar of Lugonu.
 45881 | Abyss:3  | Found a corrupted altar of Lugonu.
 46054 | Abyss:3  | Got an abyssal rune of Zot
 46070 | Abyss:3  | Found a corrupted altar of Lugonu.
 46158 | Elf:3    | Escaped the Abyss
 46161 | Elf:3    | Identified the amulet "Ushrixul" {Spirit Int+5} (You took it off a deep elf demonologist on level 3 of the Elven Halls)
 46255 | Elf:3    | Identified Nuaplego's Papyrus of the Lumpy Wonders
 46272 | Elf:3    | Gained mutation: You are weak. (Str -2) [potion of mutation]
 46272 | Elf:3    | Gained mutation: You have supernaturally acute eyesight. (SInv) [potion of mutation]
 46308 | Elf:3    | Reached XP level 21. HP: 165/165 MP: 37/39
 46318 | Elf:3    | Identified the Reference Book on Harmful Evil
 46583 | Lair:1   | Lost mutation: You are weak. (Str -2) [potion of mutation]
 46583 | Lair:1   | Gained mutation: You have an increased reservoir of magic. (+10% MP) [potion of mutation]
 46583 | Lair:1   | Gained mutation: You evolve. [potion of mutation]
 46583 | Lair:1   | Gained mutation: You are robust. (+10% HP) [potion of mutation]
 46586 | Lair:1   | And after that, i'm gonna get some sleep
 46586 | Lair:1   | Not too shabby honestly
 46594 | Lair:1   | Learned a level 6 spell: Deflect Missiles
 46673 | Lair:1   | Learned a level 5 spell: Borgnjor's Vile Clutch
 46679 | Lair:1   | Learned a level 5 spell: Lightning Bolt
 46765 | D:6      | Bought a scroll of blinking for 82 gold pieces
 46765 | D:6      | Bought a scroll of brand weapon for 220 gold pieces
 46765 | D:6      | Bought a scroll of fog for 22 gold pieces
 46765 | D:6      | Bought a scroll of blinking for 82 gold pieces
 46948 | Depths:1 | Entered Level 1 of the Depths
 47038 | Depths:1 | Reached skill level 18 in Dodging
 47404 | Depths:1 | Found a gateway to Hell.
 47581 | Depths:1 | Reached skill level 14 in Armour
 47665 | Depths:1 | Found a one-way gate leading to the halls of Pandemonium.
 47934 | Depths:1 | Found a gateway to a ziggurat.
 48012 | Depths:1 | Found a runed gate.
 48012 | Depths:1 | Found a runed gate.
 48012 | Depths:1 | Found a runed gate.
 48153 | Depths:2 | Reached skill level 15 in Shields
 48412 | Depths:2 | Reached skill level 15 in Invocations
 48422 | Depths:2 | Reached skill level 12 in Conjurations
 48422 | Depths:2 | Reached skill level 12 in Hexes
 48422 | Depths:2 | Reached skill level 13 in Charms
 48422 | Depths:2 | Reached skill level 12 in Summonings
 48422 | Depths:2 | Reached skill level 12 in Necromancy
 48422 | Depths:2 | Reached skill level 12 in Translocations
 48422 | Depths:2 | Reached skill level 12 in Transmutations
 48422 | Depths:2 | Reached skill level 12 in Fire Magic
 48422 | Depths:2 | Reached skill level 12 in Ice Magic
 48422 | Depths:2 | Reached skill level 12 in Air Magic
 48422 | Depths:2 | Reached skill level 12 in Earth Magic
 48422 | Depths:2 | Reached skill level 12 in Poison Magic
 48470 | Depths:2 | Found a hide-covered altar of Uskayaw.
 48674 | Depths:2 | Reached skill level 14 in Short Blades
 48674 | Depths:2 | Reached skill level 14 in Long Blades
 48674 | Depths:2 | Reached skill level 14 in Axes
 48674 | Depths:2 | Reached skill level 14 in Maces & Flails
 48674 | Depths:2 | Reached skill level 14 in Staves
 48674 | Depths:2 | Reached skill level 14 in Slings
 48674 | Depths:2 | Reached skill level 14 in Bows
 48674 | Depths:2 | Reached skill level 14 in Crossbows
 48674 | Depths:2 | Reached skill level 14 in Throwing
 48674 | Depths:2 | Reached skill level 14 in Stealth
 48674 | Depths:2 | Reached skill level 14 in Unarmed Combat
 48674 | Depths:2 | Reached skill level 14 in Evocations
 48725 | Depths:1 | Identified the +6 quarterstaff of the Immovable Wars {protect, Str+3 Dex+4}
 48928 | Depths:2 | Found an ancient bone altar of Kikubaaqudgha.
 48968 | Depths:2 | Noticed a golden dragon
 49125 | Depths:2 | Reached XP level 22. HP: 190/190 MP: 4/44
 49387 | Depths:2 | Found a deep blue altar of Sif Muna.
 49622 | Depths:2 | Killed a golden dragon
 49732 | Depths:2 | Reached skill level 15 in Spellcasting
 49803 | Depths:2 | Noticed Asterion
 50039 | Depths:2 | Found an ornate altar of the Wu Jian Council.
 50132 | Depths:2 | i'm gonna fuck this up
 50135 | Depths:2 | YEP
 50142 | Depths:2 | forgot how STRONK slimes get
 50145 | Depths:2 | Killed Asterion
 50145 | Depths:2 | Reached skill level 19 in Dodging
 50793 | Depths:3 | Reached skill level 15 in Fighting
 50793 | Depths:3 | Reached skill level 15 in Polearms
 50808 | Depths:3 | Found a one-way gate to the infinite horrors of the Abyss.
 50833 | Depths:3 | Paralysed by a vampire knight for 6 turns
 50959 | Depths:3 | Reached skill level 16 in Shields
 51743 | Depths:3 | Noticed a golden dragon
 51745 | Depths:3 | Noticed a juggernaut
 51749 | Depths:3 | Killed a golden dragon
 51754 | Depths:3 | Paralysed by a floating eye for 4 turns
 51782 | Depths:3 | Reached XP level 23. HP: 132/199 MP: 42/46
 51787 | Depths:3 | Killed a juggernaut
 51894 | Depths:3 | Reached skill level 15 in Armour
 51964 | Depths:3 | Reached skill level 16 in Invocations
 52393 | Depths:3 | Reached skill level 15 in Short Blades
 52393 | Depths:3 | Reached skill level 15 in Long Blades
 52393 | Depths:3 | Reached skill level 15 in Axes
 52393 | Depths:3 | Reached skill level 15 in Maces & Flails
 52393 | Depths:3 | Reached skill level 15 in Staves
 52393 | Depths:3 | Reached skill level 15 in Slings
 52393 | Depths:3 | Reached skill level 15 in Bows
 52393 | Depths:3 | Reached skill level 15 in Crossbows
 52393 | Depths:3 | Reached skill level 15 in Throwing
 52393 | Depths:3 | Reached skill level 15 in Stealth
 52393 | Depths:3 | Reached skill level 15 in Unarmed Combat
 52393 | Depths:3 | Reached skill level 15 in Evocations
 52571 | Depths:3 | Noticed a caustic shrike
 52577 | Depths:3 | Killed a caustic shrike
 52577 | Depths:3 | Reached skill level 17 in Shields
 52805 | Depths:4 | Reached skill level 13 in Conjurations
 52805 | Depths:4 | Reached skill level 13 in Hexes
 52805 | Depths:4 | Reached skill level 13 in Summonings
 52805 | Depths:4 | Reached skill level 13 in Necromancy
 52805 | Depths:4 | Reached skill level 13 in Translocations
 52805 | Depths:4 | Reached skill level 13 in Transmutations
 52805 | Depths:4 | Reached skill level 13 in Fire Magic
 52805 | Depths:4 | Reached skill level 13 in Ice Magic
 52805 | Depths:4 | Reached skill level 13 in Air Magic
 52805 | Depths:4 | Reached skill level 13 in Earth Magic
 52805 | Depths:4 | Reached skill level 13 in Poison Magic
 53091 | Depths:4 | Reached skill level 20 in Dodging
 53428 | Depths:4 | Reached skill level 14 in Charms
 53546 | Depths:5 | Entered Level 5 of the Depths
 53683 | Depths:5 | Reached XP level 24. HP: 144/209 MP: 29/47
 54372 | Depths:5 | Reached skill level 16 in Spellcasting
 54394 | Depths:5 | Found a gate to the Realm of Zot.
 54820 | Lair:1   | Learned a level 6 spell: Poison Arrow
 54823 | Lair:1   | going afk
 54889 | Vaults:1 | Entered Level 1 of the Vaults
 54975 | Vaults:1 | Reached skill level 16 in Fighting
 54975 | Vaults:1 | Reached skill level 16 in Polearms
 54985 | Vaults:1 | Noticed Aizul
 54993 | Vaults:1 | Killed Aizul
 55297 | Vaults:1 | Reached skill level 18 in Shields
 55299 | Vaults:1 | Identified the +8 morningstar "Xiratwes" {crush, rElec rC+ rN+ Stlth+}
 55403 | Vaults:1 | Gained mutation: You have a pair of small antennae on your head. [evolution]
 55522 | Vaults:1 | Found Wyrugasi's Weapon Boutique.
 56101 | Vaults:2 | Found Urenaac's General Store.
 56110 | Vaults:2 | Bought a potion of mutation for 104 gold pieces
 56110 | Vaults:2 | Bought a scroll of holy word for 97 gold pieces
 56110 | Vaults:2 | Bought 2 potions of invisibility for 208 gold pieces
 56173 | Vaults:2 | Found Luphuenk's Antique Weapon Shoppe.
 56420 | Vaults:2 | Reached skill level 17 in Invocations
 56492 | Vaults:2 | Found Cuohio Agou's Magic Scroll Boutique.
 56501 | Vaults:2 | Bought a scroll of fear for 49 gold pieces
 56501 | Vaults:2 | Bought a scroll of fear for 49 gold pieces
 56501 | Vaults:2 | Bought a scroll of enchant weapon for 105 gold pieces
 56501 | Vaults:2 | Bought a scroll of blinking for 105 gold pieces
 56501 | Vaults:2 | Bought a scroll of teleportation for 42 gold pieces
 56501 | Vaults:2 | Bought a scroll of enchant weapon for 105 gold pieces
 56501 | Vaults:2 | Bought a scroll of remove curse for 42 gold pieces
 56501 | Vaults:2 | Bought a scroll of teleportation for 42 gold pieces
 56540 | Vaults:2 | Found Vekk's Book Boutique.
 56548 | Vaults:2 | Bought a book of Cantrips for 380 gold pieces
 56550 | Vaults:2 | Learned a level 1 spell: Apportation
 56572 | Vaults:2 | Found Ullode's Antique Weapon Boutique.
 56734 | Vaults:2 | Reached skill level 16 in Armour
 56747 | Vaults:2 | Reached XP level 25. HP: 207/215 MP: 47/47
 56787 | Vaults:2 | Found a staircase to the Crypt.
 56788 | Vaults:2 | Lost mutation: You are robust. (+10% HP) [potion of mutation]
 56788 | Vaults:2 | Lost mutation: You evolve. [potion of mutation]
 56788 | Vaults:2 | Lost mutation: You have supernaturally acute eyesight. (SInv) [potion of mutation]
 56788 | Vaults:2 | Lost mutation: You have a pair of small antennae on your head. [potion of mutation]
 56788 | Vaults:2 | Gained mutation: You have sharp toenails. [potion of mutation]
 57421 | Vaults:3 | Found Guoxedil's Book Shoppe.
 57539 | Vaults:3 | Reached skill level 21 in Dodging
 57782 | Vaults:3 | Reached skill level 16 in Short Blades
 57782 | Vaults:3 | Reached skill level 16 in Long Blades
 57782 | Vaults:3 | Reached skill level 16 in Axes
 57782 | Vaults:3 | Reached skill level 16 in Maces & Flails
 57782 | Vaults:3 | Reached skill level 16 in Staves
 57782 | Vaults:3 | Reached skill level 16 in Slings
 57782 | Vaults:3 | Reached skill level 16 in Bows
 57782 | Vaults:3 | Reached skill level 16 in Crossbows
 57782 | Vaults:3 | Reached skill level 16 in Throwing
 57782 | Vaults:3 | Reached skill level 16 in Stealth
 57782 | Vaults:3 | Reached skill level 16 in Unarmed Combat
 57782 | Vaults:3 | Reached skill level 16 in Evocations
 58599 | Vaults:3 | Identified the cursed +2 pair of gloves of Foolhardiness {-Cast MR+ rCorr SInv} (You acquired it on level 3 of the Vaults)
 58993 | Vaults:4 | Found the +9 heavy crossbow "Sniper" {velocity, Acc+∞ SInv}
 59251 | Vaults:4 | Found Fusmebij's Distillery.
 59260 | Vaults:4 | Bought a potion of mutation for 120 gold pieces
 59260 | Vaults:4 | Bought a potion of mutation for 120 gold pieces
 59260 | Vaults:4 | Bought a potion of heal wounds for 75 gold pieces
 59594 | Vaults:4 | Reached skill level 14 in Conjurations
 59594 | Vaults:4 | Reached skill level 14 in Hexes
 59594 | Vaults:4 | Reached skill level 14 in Summonings
 59594 | Vaults:4 | Reached skill level 14 in Necromancy
 59594 | Vaults:4 | Reached skill level 14 in Translocations
 59594 | Vaults:4 | Reached skill level 14 in Transmutations
 59594 | Vaults:4 | Reached skill level 14 in Fire Magic
 59594 | Vaults:4 | Reached skill level 14 in Ice Magic
 59594 | Vaults:4 | Reached skill level 14 in Air Magic
 59594 | Vaults:4 | Reached skill level 14 in Earth Magic
 59594 | Vaults:4 | Reached skill level 14 in Poison Magic
 59965 | Vaults:5 | Entered Level 5 of the Vaults
 59971 | Vaults:5 | Here, hold my beer
 59972 | Vaults:5 | Reached skill level 19 in Shields
 59992 | Vaults:5 | Noticed an ancient lich
 60000 | Vaults:4 | Reached XP level 26. HP: 136/206 MP: 9/48
 60165 | Vaults:5 | Found Rinweylle's Food Emporium.
 60172 | Vaults:5 | Reached skill level 17 in Spellcasting
 60208 | Vaults:5 | Found Ifaulelu's Magic Scroll Emporium.
 60215 | Vaults:5 | Bought a scroll of remove curse for 57 gold pieces
 60215 | Vaults:5 | Bought a scroll of teleportation for 57 gold pieces
 60215 | Vaults:5 | Bought a scroll of enchant armour for 142 gold pieces
 60215 | Vaults:5 | Bought a scroll of enchant armour for 142 gold pieces
 60215 | Vaults:5 | Bought a scroll of teleportation for 57 gold pieces
 60215 | Vaults:5 | Bought a scroll of teleportation for 57 gold pieces
 60221 | Vaults:5 | Found Qebizece's Distillery.
 60230 | Vaults:5 | Reached skill level 15 in Charms
 60259 | Vaults:5 | Found Tuafus's Magic Scroll Shop.
 60259 | Vaults:5 | Found Aqypnont's Distillery.
 60278 | Vaults:5 | Bought a potion of mutation for 136 gold pieces
 60278 | Vaults:5 | Bought a potion of haste for 170 gold pieces
 60318 | Vaults:5 | Reached skill level 17 in Fighting
 60318 | Vaults:5 | Reached skill level 17 in Polearms
 60368 | Vaults:5 | Found Qamig's Food Boutique.
 60376 | Vaults:5 | Found Ebeaxe's Food Shoppe.
 60484 | Vaults:5 | Bought a scroll of remove curse for 66 gold pieces
 60484 | Vaults:5 | Bought a scroll of remove curse for 66 gold pieces
 60484 | Vaults:5 | Bought a scroll of teleportation for 66 gold pieces
 60593 | Vaults:5 | Reached skill level 18 in Invocations
 60610 | Vaults:5 | Reached skill level 22 in Dodging
 60669 | Vaults:5 | Cast into level 2 of the Abyss (a deep elf sorcerer)
 60674 | Abyss:2  | Found a corrupted altar of Lugonu.
 60692 | Vaults:5 | Escaped the Abyss
 60693 | Vaults:5 | Identified the cursed +1 scale mail of Wariness {rC+ Regen+}
 60712 | Vaults:5 | Identified the +4 scimitar "Fufill" {flame, *Contam rF++ rC- MR+++} (You took it off a yaktaur captain on level 5 of the Vaults)
 60726 | Vaults:5 | Identified the +5 chain mail of Rehucuka {rN+++ Str-3 Int+5 Stlth+} (You took it off a vault warden on level 5 of the Vaults)
 60776 | Vaults:5 | Reached skill level 17 in Armour
 60877 | Vaults:5 | Noticed an ancient lich
 60888 | Vaults:5 | Paralysed by a lich for 7 turns
 60902 | Vaults:5 | Found Lanei's Food Shop.
 60940 | Vaults:5 | Identified the +12 rapier of Focsah Soqae {antimagic, rN+ Str+3 Stlth-}
 61004 | Vaults:5 | Killed an ancient lich
 61004 | Vaults:5 | Reached skill level 20 in Shields
 61004 | Vaults:5 | Identified the amulet "Cuucwaow" {Reflect Dex+2 SH+3} (You took it off a vault sentinel on level 5 of the Vaults)
 61004 | Vaults:5 | Killed an ancient lich
 61446 | Vaults:5 | Reached XP level 27. HP: 214/214 MP: 36/48
 61462 | Vaults:5 | Got a silver rune of Zot
 61468 | Vaults:5 | Reached skill level 17 in Short Blades
 61468 | Vaults:5 | Reached skill level 17 in Long Blades
 61468 | Vaults:5 | Reached skill level 17 in Axes
 61468 | Vaults:5 | Reached skill level 17 in Maces & Flails
 61468 | Vaults:5 | Reached skill level 17 in Staves
 61468 | Vaults:5 | Reached skill level 17 in Slings
 61468 | Vaults:5 | Reached skill level 17 in Bows
 61468 | Vaults:5 | Reached skill level 17 in Crossbows
 61468 | Vaults:5 | Reached skill level 17 in Throwing
 61468 | Vaults:5 | Reached skill level 17 in Stealth
 61468 | Vaults:5 | Reached skill level 17 in Unarmed Combat
 61468 | Vaults:5 | Reached skill level 17 in Evocations
 61588 | Vaults:5 | Paralysed by a lich for 5 turns
 61606 | Vaults:5 | Learned a level 6 spell: Iron Shot
 61677 | Vaults:5 | Identified the cursed +1 plate armour of Sidduivi {rPois MP+9 Str-5} (You took it off a vault warden on level 5 of the Vaults)
 62327 | Slime:1  | Entered Level 1 of the Pits of Slime
 62367 | Slime:5  | Entered Level 5 of the Pits of Slime
 62415 | Slime:5  | Noticed the Royal Jelly
 62416 | Slime:5  | Found a viscous altar of Jiyva.
 62507 | Slime:5  | Killed the Royal Jelly
 62510 | Slime:5  | HP: 28/322 [azure jelly (9)]
 62510 | Slime:5  | Slain by a death ooze

Vanquished Creatures
  the Royal Jelly (Slime:5)
  A juggernaut (Depths:3)
  2 ancient liches (Vaults:5)
  A caustic shrike (Depths:3)
  5 golden dragons
  An iron giant (shapeshifter) (Vaults:5)
  Jorgrun (Swamp:2)
  5 tentacled monstrosities
  4 liches
  3 deep elf master archers (Elf:3)
  2 deep elf blademasters (Elf:3)
  4 quicksilver dragons
  7 acid blobs (Slime:5)
  3 titans (Vaults:5)
  A kraken (Abyss:3)
  6 sphinxes
  Frances (Swamp:1)
  Donald (Swamp:1)
  7 shadow dragons
  4 thorn hunters
  5 azure jellies (Slime:5)
  6 storm dragons
  8 tengu reavers
  3 iron dragons
  9 deep elf sorcerers
  2 draconian knights (Depths:5)
  A frost giant (shapeshifter) (Vaults:5)
  An emperor scorpion (Spider:4)
  Aizul (Vaults:1)
  15 vault wardens
  10 fire giants
  3 ghost moths
  A balrug (Depths:2)
  14 frost giants
  Louise (Swamp:1)
  2 war gargoyles
  16 ironheart preservers
  4 deep elf elementalists
  2 reapers
  A draconian annihilator (Depths:5)
  22 stone giants
  20 very ugly things
  2 spriggan defenders (Depths:3)
  A caustic shrike skeleton (Depths:3)
  3 entropy weavers
  8 deep elf demonologists
  Nessos (Orc:2)
  2 halazid warlocks (Desolation)
  10 deep elf annihilators
  3 purple draconians (Depths:5)
  9 spark wasps
  2 yellow draconians (Depths:5)
  A vampire knight (Depths:2)
  A white draconian (Depths:5)
  4 death oozes (Slime:5)
  13 ettins
  A blizzard demon (Depths:2)
  10 deep elf death magi
  A minotaur (Lab)
  12 deep elf high priests
  A green death (Depths:1)
  13 ogre magi
  12 fire dragons
  A ragged hierophant (Desolation)
  9 great orbs of eyes
  33 vault guards
  9 yaktaur captains
  Erolcha (D:10)
  3 servants of whispers (Desolation)
  5 rakshasas
  A hell beast (Depths:4)
  4 peacekeepers (Desolation)
  2 ghost crabs
  18 hydras
  3 catoblepae
  8 ice dragons
  A catoblepas (shapeshifter) (D:15)
  9 centaur warriors
  42 two-headed ogres
  8 alligators
  6 death yaks
  11 deep troll earth magi
  7 deep troll shamans
  2 vampire magi
  24 dancing weapons
  4 orc high priests (Orc:2)
  16 tengu warriors
  4 spriggan berserkers
  A shock serpent (shapeshifter) (Depths:1)
  4 soul eaters
  8 spriggans
  40 deep elf knights
  3 sun demons (Depths:2)
  Nergalle (Lair:1)
  Sonja (Orc:2)
  A fire crab (Abyss:3)
  3 hell knights (Depths:2)
  3 shadow wraiths
  An unseen horror (shapeshifter) (Depths:5)
  11 skeletal warriors
  7 glowing orange brains
  5 unseen horrors
  29 deep trolls
  2 quicksilver dragon simulacra (Depths:2)
  9 swamp dragons
  6 wizards
  2 flayed ghosts
  9 iron trolls
  A golden dragon zombie (Depths:3)
  A death drake (shapeshifter) (Depths:5)
  3 starcursed masses (Abyss:3)
  2 phantasmal warriors (Vaults:5)
  2 shambling mangroves
  28 deep elf archers
  22 ironbrand convokers
  A shadow dragon zombie (Depths:1)
  9 orc knights
  A harpy (shapeshifter) (Depths:1)
  A golden dragon skeleton (Depths:3)
  A harpy (Vaults:4)
  95 deep elf magi
  An orb spider (shapeshifter) (Depths:3)
  15 orb spiders
  7 necromancers
  3 oklob plants (Lair:6)
  A cyclops (shapeshifter) (Vaults:5)
  A faun (shapeshifter) (Vaults:5)
  2 cyclopes
  30 wolf spiders
  A manticore (D:14)
  An orc sorcerer (Vaults:1)
  2 shining eyes
  A shadow dragon skeleton (Depths:1)
  36 ugly things
  A moth of wrath (shapeshifter) (Depths:2)
  A sphinx skeleton (Vaults:2)
  A salamander (shapeshifter) (Vaults:3)
  A fire giant skeleton (Depths:1)
  An iron dragon skeleton (Depths:3)
  3 stone giant skeletons
  8 elephants
  2 guardian serpents (Desolation)
  A black mamba (shapeshifter) (D:14)
  4 moths of wrath
  8 rust devils (Depths:2)
  An apocalypse crab (Abyss:3)
  7 human skeletons
  2 centaur zombies (D:14)
  3 black mambas
  14 vault sentinels
  A torpor snail (Spider:3)
  Maurice (D:12)
  2 ice statues (IceCv)
  A storm dragon simulacrum (Vaults:4)
  An eye of devastation (Slime:5)
  25 spiny frogs
  An elf skeleton (Vaults:5)
  7 komodo dragons
  7 demonic crawlers
  An efreet (Depths:2)
  A yaktaur (shapeshifter) (Vaults:1)
  5 rime drakes
  39 yaktaurs
  2 komodo dragons (shapeshifter)
  3 ice devils
  6 small abominations
  An ancient zyme (Abyss:3)
  3 yaktaur skeletons
  A harpy zombie (D:14)
  6 freezing wraiths
  2 polar bears
  7 tengu conjurers
  A queen bee (shapeshifter) (Vaults:4)
  5 red devils
  8 trolls
  A hornet (shapeshifter) (Depths:3)
  A merfolk (D:11)
  A meliai (shapeshifter) (Vaults:3)
  3 meliai (Spider:2)
  Grinder (D:4)
  A shadow dragon simulacrum (Depths:4)
  A troll (shapeshifter) (Elf:2)
  31 jumping spiders
  4 tyrant leeches
  35 slime creatures
  A slime creature (shapeshifter) (Vaults:5)
  34 saltlings (Desolation)
  8 bog bodies
  A tengu simulacrum (Vaults:2)
  2 raiju (Abyss:3)
  A hippogriff (shapeshifter) (Vaults:1)
  28 hornets
  15 blink frogs
  A snapping turtle (shapeshifter) (Elf:1)
  A frost giant simulacrum (Vaults:1)
  A large abomination (Depths:1)
  A centaur simulacrum (D:15)
  11 hippogriffs
  An elf zombie (Depths:3)
  77 redbacks
  3 air elementals
  7 flying skulls
  5 wyverns
  2 ettin skeletons
  5 shadows
  7 water elementals
  A tarantella (shapeshifter) (Vaults:1)
  32 yaks
  34 tarantellas
  3 fire elementals
  5 wraiths
  A golden eye (shapeshifter) (D:15)
  A basilisk (D:13)
  A chaos spawn (Depths:1)
  4 hungry ghosts
  A human (shapeshifter) (Vaults:3)
  28 vampire mosquitoes
  An acid dragon (Vaults:2)
  2 wargs
  The ghost of Verendum the Firebug, an amateur OpFE (D:3)
  Menkaure (D:7)
  20 swamp worms
  7 insubstantial wisps
  11 water moccasins
  2 floating eyes
  7 porcupines
  3 hell hounds (Depths:2)
  26 orc warriors
  11 ice beasts
  3 sky beasts
  2 hornet zombies
  16 swamp drakes
  An eye of draining (Slime:5)
  4 ettin simulacra (Depths:2)
  A black bear (D:9)
  26 ogres
  A phantom (Depths:1)
  22 boggarts
  11 centaurs
  10 wolves
  13 crocodiles
  5 big kobolds
  A big kobold (shapeshifter) (Depths:3)
  An ogre simulacrum (Vaults:1)
  25 bullfrogs
  3 earth elementals
  6 scorpions
  20 killer bees
  4 electric eels
  7 howler monkeys
  13 wights
  5 crimson imps
  A human simulacrum (Vaults:1)
  A bullfrog zombie (D:13)
  7 centaur skeletons
  30 orc priests
  2 hounds
  5 jellies
  26 orc wizards
  Jessica (D:2)
  3 iguanas
  A hell rat (Depths:1)
  13 worker ants
  A hound zombie (D:9)
  2 hound skeletons
  3 worker ant zombies
  15 adders
  4 gnolls (D:6)
  2 shadow imps
  A white imp (Abyss:3)
  An ooze (D:6)
  An adder zombie (D:7)
  2 adder skeletons
  5 worms
  A worm (shapeshifter) (D:15)
  3 dart slugs
  4 leopard geckos
  68 orcs
  7 giant cockroaches
  2 goblins (D:2)
  5 hobgoblins
  6 jackals
  5 quokkas
  12 bats
  9 frilled lizards
  32 kobolds
  A quokka skeleton (D:4)
  6 rats
  2 briar patches (Swamp:1)
  4 crawling corpses
  3 plants (Lair:6)
  3 tentacles (Abyss:3)
2151 creatures vanquished.

Vanquished Creatures (collateral kills)
  A tentacled monstrosity (Abyss:3)
  Asterion (Depths:2)
  2 tengu reavers (Depths:3)
  An imperial myrmidon (Desolation)
  A frost giant (Vaults:5)
  2 vault wardens (Vaults:1)
  A deep elf demonologist (Depths:2)
  A vampire knight (Depths:3)
  3 ettins
  A hydra (Swamp:4)
  A servant of whispers (Desolation)
  An alligator (Swamp:4)
  4 tengu warriors
  A wretched star (Abyss:3)
  A deep elf knight (Elf:2)
  2 hell knights
  A spriggan druid (Swamp:4)
  A deep troll (Depths:5)
  2 swamp dragons (Swamp:4)
  A glowing orange brain (Depths:3)
  An ironbrand convoker (Vaults:1)
  3 wolf spiders
  2 orb spiders
  An ugly thing (D:15)
  2 orc knights (Orc:2)
  An apocalypse crab (Abyss:3)
  An ice statue (Depths:2)
  A vault sentinel (Vaults:1)
  A spiny frog (Swamp:2)
  A freezing wraith (Vaults:5)
  A tengu conjurer (Depths:2)
  3 jumping spiders
  A saltling (Desolation)
  2 slime creatures (Swamp:3)
  A bog body (Swamp:4)
  A wraith (Depths:2)
  5 redbacks
  A yak (Lair:6)
  A tarantella (Spider:3)
  A vampire mosquito (Swamp:3)
  3 insubstantial wisps
  A swamp drake (Swamp:4)
  4 orc warriors (Orc:2)
  2 orc priests (Orc:2)
  4 orcs
74 creatures vanquished.

Vanquished Creatures (others)
  A quicksilver dragon (Depths:2)
  A deep elf master archer (Elf:3)
  2 thorn hunters
  A fire giant (Depths:2)
  A ghost moth (Spider:1)
  5 emperor scorpions
  6 stone giants
  The ghost of Lucio the Earth Mage, a journeyman GrEE of Vehumet (Elf:1)
  A deep elf annihilator (Elf:3)
  A crystal guardian (Desolation)
  5 ragged hierophants (Desolation)
  A rakshasa (Vaults:3)
  3 yaktaur captains
  A servant of whispers (Desolation)
  2 hydras (Swamp:4)
  An alligator (Swamp:4)
  12 dancing weapons
  6 death yaks
  A tengu warrior (Depths:2)
  An orc high priest (Orc:2)
  2 spriggan berserkers
  A spriggan rider (Swamp:3)
  The ghost of
  1994 the Ruffian, a novice NaTm of Okawaru (D:8)
  A deep elf knight (Elf:2)
  An unseen horror (D:14)
  A swamp dragon (Swamp:4)
  2 deep elf archers
  A wolf spider zombie (D:14)
  2 orc knights (Orc:2)
  A deep elf mage (Elf:1)
  5 oklob plants (Lair:6)
  An ugly thing (D:11)
  2 slime creatures
  3 wolf spiders
  5 elephants
  3 cyclopes
  A guardian serpent (Desolation)
  5 spiny frogs
  3 demonic crawlers
  A komodo dragon (Lair:6)
  7 yaktaurs
  An ice devil (Lair:5)
  3 jumping spiders
  A tyrant leech (Swamp:4)
  5 saltlings (Desolation)
  2 hornets (Swamp:4)
  2 blink frogs
  A hippogriff (Lair:5)
  5 redbacks
  2 tarantellas
  A shadow (Lab)
  6 yaks
  A vampire mosquito (Swamp:3)
  An insubstantial wisp (Swamp:1)
  2 swamp worms
  2 water moccasins (Lair:2)
  A swamp drake (Swamp:4)
  4 orc warriors
  A phantom (D:11)
  An ogre (Depths:2)
  5 centaurs
  3 crocodiles
  A big kobold (shapeshifter) (D:14)
  A bullfrog (Lair:6)
  A hornet simulacrum (D:14)
  4 killer bees
  A bullfrog skeleton (D:11)
  A hound (D:14)
  An orc wizard (Orc:1)
  An orc priest (Orc:1)
  A leopard gecko (D:9)
  2 bushes (Lair:6)
  38 fungi
  87 plants
  96 spectral weapons
  4 tentacles (Abyss:3)
  9 toadstools (Swamp:1)
400 creatures vanquished.

Grand Total: 2625 creatures vanquished
